 Dungeon Crawl Stone Soup version 0.17.0-23-g0de4337 (webtiles) character file.

1150 xeno23 the Zephyrmancer (level 8, 0/41 HPs)
             Began as a Tengu Air Elementalist on Nov 13, 2015.
             Shot with an arrow by a centaur (4 damage)
             ... on level 7 of the Dungeon.
             The game lasted 00:30:08 (4883 turns).

xeno23 the Zephyrmancer (Tengu Air Elementalist)    Turns: 4883, Time: 00:30:08

Health: 0/41       AC:  6    Str: 10    XL:     8   Next: 38%
Magic:  4/17       EV: 15    Int: 17    God:
Gold:   316        SH:  0    Dex: 14    Spells: 5 memorised, 5 levels left

rFire  . . .     SeeInvis .     m - +1 whip (pain)
rCold  . . .     Clarity  .     k - +2 robe {MR+}
rNeg   . . .     SustAt   .     (no shield)
rPois  .         Gourm    .     (helmet restricted)
rElec  .         Spirit   .     s - +0 cloak
rCorr  .         Warding  .     f - +0 pair of gloves
rMut   .         Stasis   .     (boots unavailable)
MR     +....                    (no amulet)
Stlth  ++........               (no ring)
                                (no ring)

@: flying quickly and evasively, repel missiles, quick, somewhat resistant to
hostile enchantments, unstealthy
A: beak, talons 3, able to fly 1
a: no special abilities


You were on level 7 of the Dungeon.
You were hungry.

You visited 1 branch of the dungeon, and saw 7 of its levels.

You collected 316 gold pieces.

Inventory:

Hand Weapons
 g - a +0 mace
 m - a +1 whip of pain (weapon)
Missiles
 d - 28 poisoned needles
 t - 2 javelins of returning (quivered)
Armour
 e - a +1 ring mail of cold resistance
 f - a +0 pair of gloves (worn)
 k - a +2 robe of magic resistance (worn)
 s - a +0 cloak (worn)
Jewellery
 n - an uncursed amulet of faith
 y - an uncursed ring of fire
Scrolls
 h - 2 scrolls of random uselessness
 i - a scroll of teleportation
 j - 2 scrolls of remove curse {unknown}
 q - a scroll of identify
 r - a scroll of fear {unknown}
 A - a scroll of noise {unknown}
 D - a scroll of amnesia {unknown}
Potions
 a - a potion of curing
 l - a potion of resistance
 o - 3 potions of haste {unknown}
 u - 2 potions of might {unknown}
 w - a potion of degeneration {unknown}
 B - a potion of beneficial mutation {unknown}
Books
 b - a book of Air

   Spells                             Type                      Level
   a - Shock                          Conjuration/Air              1
   b - Swiftness                      Charms/Air                   2
   c - Repel Missiles                 Charms/Air                   2
   d - Static Discharge               Conjuration/Air              3
   e - Lightning Bolt                 Conjuration/Air              5
 v - a Fen Folio

   Spells                             Type                      Level
   a - Corpse Rot                     Necromancy                   2
   b - Stone Arrow                    Conjuration/Earth            3
   c - Leda's Liquefaction            Hexes/Earth                  4
   d - Summon Forest                  Summoning/Translocation      5
   e - Hydra Form                     Transmutation                6
   f - Summon Hydra                   Summoning                    7
Comestibles
 c - 3 bread rations
 p - 3 chunks of flesh
 x - 2 meat rations
 z - a beef jerky


   Skills:
 - Level 2.1 Dodging
 - Level 2.0 Stealth
 + Level 5.6 Spellcasting
 + Level 7.2 Conjurations
 + Level 8.1 Air Magic


You had 5 spell levels left.
You knew the following spells:

 Your Spells              Type           Power        Failure   Level  Hunger
a - Shock                 Conj/Air       ####         1%          1    None
b - Swiftness             Chrm/Air       ###.....     4%          2    #......
q - Static Discharge      Conj/Air       ####....     1%          3    ##.....
r - Repel Missiles        Chrm/Air       ###...       4%          2    #......
w - Lightning Bolt        Conj/Air       ####......   17%         5    ######.


Dungeon Overview and Level Annotations

Branches:
Dungeon (7/15)             Temple (0/1) D:7

Altars:
Ashenzari
Dithmenos
Fedhas
Makhleb
Qazlal
Ru
Trog
Xom
Zin

Annotations:
D:3 grisnicke's ghost, amateur GrEE
D:7 Joseph; Pikel


Innate Abilities, Weirdness & Mutations

You have a beak for a mouth.
You have claws for feet.
You can fly.


Message History

Pikel burns you.
* * * LOW HITPOINT WARNING * * *
Found a slice of pizza.
You take 9 damage.
The slave misses you. x2
The slave barely misses you. The slave misses you.
The slave closely misses you. The jelly misses you.
A giant newt comes into view.
Pikel says, "You'll feel the lick of my whip!"
The jelly misses you.
The centaur shouts!
The centaur unwields an uncursed club.
The centaur wields a glowing shortbow.
It is covered in frost.
The centaur shoots an arrow.
The arrow is repelled.
The worker ant bites you.
* * * LOW HITPOINT WARNING * * *
You see here an arrow.
You take 3 damage.
The centaur shoots an arrow.
The arrow closely misses you.
The centaur shoots an arrow.
The arrow hits you.
You die...

.########......#≈≈≈
........K.p....#;;
#.......#p.....#
#.......#......#####
#.#..c#J#.Kp.......#
#.......##.p......##
#......a###......##
#.#...#.# ########
#......@# #.......#
#.#...#.# #.......#
#.......# #.#...#.#
#.......# ...>...#


You could see Pikel, a centaur, a jelly and a worker ant.

Vanquished Creatures
  A hippogriff (D:7)
  An ogre (D:7)
  2 centaurs
  2 giant frogs (D:7)
  A crimson imp (D:4)
  A giant frog zombie (D:6)
  An orc priest (D:5)
  A centaur skeleton (D:5)
  4 hounds
  2 jellies (D:5)
  Jessica (D:3)
  2 worker ants
  3 orc wizards
  A worker ant zombie (D:5)
  7 adders
  A shadow imp (D:4)
  An ooze (D:2)
  2 adder skeletons
  2 worms
  14 orcs
  7 bats
  6 giant cockroaches
  3 goblins (D:2)
  7 hobgoblins
  10 jackals
  A ball python (D:1)
  A giant gecko (D:2)
  2 giant newts
  7 kobolds
  4 quokkas
  21 rats
119 creatures vanquished.

Notes
Turn   | Place    | Note
--------------------------------------------------------------
     0 | D:1      | xeno23 the Tengu Air Elementalist began the quest for the Orb.
     0 | D:1      | Reached XP level 1. HP: 10/10 MP: 4/4
   184 | D:1      | Reached XP level 2. HP: 10/15 MP: 0/6
   702 | D:2      | Reached XP level 3. HP: 19/19 MP: 1/7
   714 | D:2      | Found a shattered altar of Ashenzari.
   755 | D:2      | Found a blossoming altar of Fedhas.
   759 | D:2      | Found a shadowy altar of Dithmenos.
   760 | D:2      | Found a bloodstained altar of Trog.
   760 | D:2      | Found a stormy altar of Qazlal.
   778 | D:2      | Learned a level 2 spell: Swiftness
   781 | D:2      | Learned a level 2 spell: Repel Missiles
   978 | D:2      | Reached XP level 4. HP: 22/24 MP: 1/9
  1562 | D:3      | Found a sacrificial altar of Ru.
  1562 | D:3      | Noticed Jessica
  1567 | D:3      | Killed Jessica
  1567 | D:3      | Reached skill level 5 in Air Magic
  1585 | D:3      | Learned a level 3 spell: Static Discharge
  1619 | D:3      | Gained mutation: You can fly. [Tengu growth]
  1619 | D:3      | Reached XP level 5. HP: 28/28 MP: 3/11
  1642 | D:3      | Noticed grisnicke's ghost (amateur GrEE)
  1832 | D:3      | Found a burning altar of Makhleb.
  1835 | D:3      | Found a glowing silver altar of Zin.
  1835 | D:3      | Noticed an angel
  1835 | D:3      | Noticed an Executioner
  2085 | D:4      | Noticed a phantom
  3056 | D:4      | Reached XP level 6. HP: 16/32 MP: 2/12
  3061 | D:5      | Entered Level 5 of the Dungeon
  3070 | D:5      | Learned a level 5 spell: Lightning Bolt
  3156 | D:5      | Reached skill level 6 in Air Magic
  3183 | D:5      | Found a blossoming altar of Fedhas.
  3268 | D:5      | Reached skill level 5 in Conjurations
  3529 | D:5      | Reached XP level 7. HP: 36/36 MP: 7/14
  3588 | D:5      | HP: 1/36 [centaur/arrow (4)]
  4168 | D:5      | Found a shimmering altar of Xom.
  4269 | D:5      | You fall through a shaft!
  4276 | D:6      | Reached skill level 5 in Spellcasting
  4276 | D:6      | Reached skill level 7 in Air Magic
  4339 | D:7      | Noticed a hippogriff
  4360 | D:7      | Killed a hippogriff
  4584 | D:7      | Reached XP level 8. HP: 25/41 MP: 8/17
  4761 | D:7      | Reached skill level 8 in Air Magic
  4835 | D:7      | Noticed Joseph
  4867 | D:7      | Noticed Pikel
  4883 | D:7      | Found a staircase to the Ecumenical Temple.
  4883 | D:7      | Shot with an arrow by a centaur

Action                   |  1- 3 |  4- 6 |  7- 9 || total
-------------------------+-------+-------+-------++-------
Melee: Mace              |    17 |       |       ||    17
       Unarmed           |     4 |       |       ||     4
       Whip              |     2 |    73 |    10 ||    85
Throw: Javelin           |       |     5 |       ||     5
 Cast: Shock             |    50 |   135 |    73 ||   258
       Repel Missiles    |     1 |       |     3 ||     4
       Static Discharge  |       |     3 |     4 ||     7
       Lightning Bolt    |       |       |     3 ||     3
 Abil: Fly               |       |     3 |     2 ||     5
  Use: Scroll            |       |     3 |     2 ||     5
       Potion            |       |       |     1 ||     1
 Stab: Sleeping          |     1 |     3 |       ||     4
  Eat: Chunk             |     1 |     7 |     5 ||    13
       Pizza             |       |     1 |       ||     1
